 Dungeon Crawl Stone Soup version 0.22.1-2-g9c5b331 (webtiles) character file.

60 redwoodhats the Firebug (level 3, 0/26 HPs)
             Began as a Draconian Fire Elementalist on Dec 12, 2018.
             Slain by an adder (2 damage)
             ... on level 1 of the Dungeon.
             The game lasted 00:20:09 (1460 turns).

redwoodhats the Firebug (DrFE)                      Turns: 1460, Time: 00:20:10

Health: 0/26       AC:  6    Str: 10    XL:     3   Next: 82%
Magic:  0/6        EV: 11    Int: 16    God:
Gold:   100        SH:  5    Dex: 11    Spells: 5/6 levels left

rFire    . . .     SeeInvis .   h - +0 whip
rCold    . . .     Gourm    .   l - +2 buckler
rNeg     . . .     Faith    .   (armour unavailable)
rPois    .         Spirit   .   (helmet restricted)
rElec    .         Reflect  .   (no cloak)
rCorr    .         Harm     .   j - +0 pair of gloves
MR       .....                  (no boots)
Stlth    ++........             (no amulet)
HPRegen  0.08/turn              (no ring)
MPRegen  0.10/turn              (no ring)

@: flying (expiring), very slightly contaminated
A: unfitting armour, cold-blooded, AC +5
a: no special abilities


You were on level 1 of the Dungeon.
You were not hungry.

You visited 1 branch of the dungeon, and saw 2 of its levels.

You collected 100 gold pieces.

Inventory:

Hand Weapons
 f - a +0 club
 h - a +0 whip (weapon)
Missiles
 a - 7 tomahawks (quivered)
 d - 52 arrows
Armour
 c - a +0 leather armour
 j - a +0 pair of gloves (worn)
 l - a +2 buckler (worn)
 o - a +0 large shield
Jewellery
 e - a cursed ring of attention
Scrolls
 m - 2 scrolls of amnesia
Comestibles
 b - 4 rations


   Skills:
 + Level 0.7 Throwing
 + Level 2.2 Dodging
 + Level 2.0 Stealth
 + Level 0.1 Unarmed Combat
 + Level 2.4 Spellcasting
 + Level 1.3 Conjurations
 + Level 3.6 Fire Magic


You had 5 spell levels left.
You knew the following spells:

 Your Spells              Type           Power        Failure   Level  Hunger
a - Flame Tongue          Conj/Fire      #....        12%         1    #......

Your spell library contained the following spells:

 Spells                   Type           Power        Failure   Level  Hunger
 Throw Flame              Conj/Fire      #.....       19%         2    ###....
 Conjure Flame            Conj/Fire      #.......     34%         3    ###....
 Inner Flame              Hex/Fire       #.......     43%         3    ###....
 Sticky Flame             Conj/Fire      #.......     75%         4    #####..
 Fireball                 Conj/Fire      #.........   97%         5    ######.


Dungeon Overview and Level Annotations

Branches:
Dungeon (2/15)

Altars:
Ru

Annotations:
D:2 Terence


Innate Abilities, Weirdness & Mutations

Your plain brown scales are hard. (AC +5)
You cannot fit into any form of body armour.
You are cold-blooded and may be slowed by cold attacks.


Message History

The adder bites you.
* * * LOW HITPOINT WARNING * * *
Casting: Flame Tongue (safe; 12% risk of failure)
Confirm with . or Enter, or press ? or * to list all spells.
Aiming: Flame Tongue (safe; 12% risk of failure)
Press: ? - help, Shift-Dir - straight line, f - adder
Aim: an adder You miscast Flame Tongue.
You are very lightly contaminated with residual magic.
You smell smoke.
The adder bites you but does no damage. The kobold closely misses you.
Casting: Flame Tongue (safe; 12% risk of failure)
Confirm with . or Enter, or press ? or * to list all spells.
Aiming: Flame Tongue (safe; 12% risk of failure)
Press: ? - help, Shift-Dir - straight line, f - kobold, p - adder
Aim: a kobold, wielding a club The flame tongue hits the kobold.
The kobold is severely wounded.
The adder bites you.
You die...

.............###.#
#.#
..†...........##.#
#.#
..............##.#
#.#
.........>.....#.#
#.#
.............#.#.#
#.#
....)#########...#
#.# .....# ##..#
#§# ######
#S.########.# #
##@K.....##.# #
#######.##.# #
#.##.# # #....# #
###### # # #


You could see an adder and a kobold.

Vanquished Creatures
  2 adders (D:2)
  An ooze (D:1)
  A leopard gecko (D:1)
  A ball python (D:2)
  5 bats
  4 giant cockroaches
  3 goblins (D:2)
  6 hobgoblins
  A jackal (D:1)
  5 kobolds
  2 frilled lizards
  3 rats
34 creatures vanquished.

Notes
Turn   | Place    | Note
-------+----------+-------------------------------------------
     0 | D:1      | redwoodhats the Draconian Fire Elementalist began the quest
                  | for the Orb.
     0 | D:1      | Reached XP level 1. HP: 14/14 MP: 3/3
   194 | D:1      | Reached XP level 2. HP: 16/20 MP: 0/5
  1061 | D:2      | Reached XP level 3. HP: 25/26 MP: 3/6
  1163 | D:2      | Found a sacrificial altar of Ru.
  1360 | D:2      | Noticed Terence
  1460 | D:1      | Slain by an adder

Skill      XL: |  1  2 |
---------------+-------+-----
Dodging        | 2 |  2.2
Stealth        | 2 |  2.0
Throwing       | |  0.7
Unarmed Combat | |  0.1
Spellcasting   | |  2.4
Conjurations   | |  1.3
Fire Magic     | |  3.6

Action                   || total
-------------------------++-------
Melee: Unarmed           ||    11
       Whip              ||    59
       Club              ||     2
       Tailslap          ||     3
Throw: Tomahawk          ||    18
 Cast: Flame Tongue      ||    47
  Use: Scroll            ||     8
       Potion            ||     6
  Eat: Ration            ||     1
Armor: Skin              ||   145
Dodge: Dodged            ||    88
Block: Buckler           ||    40
